 Dungeon Crawl Stone Soup version 0.28-a0-1147-gc7b72d3202 (webtiles) character file.

Game seed: 186122676235133096

234 Htamos the Conjurer (level 5, -4/38 HPs)
             Began as a Demigod Conjurer on Dec 14, 2021.
             Slain by Pikel (10 damage)
             ... on level 4 of the Dungeon.
             The game lasted 00:03:42 (3605 turns).

Htamos the Conjurer (Demigod Conjurer)              Turns: 3605, Time: 00:03:42

Health: -4/38      AC:  2    Str:  8    XL:     5   Next: 46%
Magic:  14/14      EV: 12    Int: 33    God:
Gold:   94         SH:  0    Dex: 10    Spells: 7/12 levels left

rFire   . . .      SeeInvis .   e - +7 spear of Fegiuply {venom, *Rage rCorr Int+9 Dex-2}
rCold   . . .      Faith    .   (no shield)
rNeg    . . .      Spirit   .   a - +0 robe
rPois   .          Reflect  .   (no helmet)
rElec   .          Harm     .   (no cloak)
rCorr   +          Rampage  .   (no gloves)
Will    .....      Rage     20% (no boots)
Stlth   ++........              (no amulet)
HPRegen 0.12/turn               (no ring)
MPRegen 0.14/turn               (no ring)

@: no status effects
A: high mp 1, forlorn, divine attributes
a: no special abilities


You were on level 4 of the Dungeon.
You visited 1 branch of the dungeon, and saw 4 of its levels.

You collected 94 gold pieces.

Inventory:

Hand Weapons
 d - a +0 falchion
 e - the +7 spear of Fegiuply (weapon) {venom, *Rage rCorr Int+9 Dex-2}
   (You found it on level 4 of the Dungeon)

   It poisons the flesh of those it strikes.
   Int:       It affects your intelligence (+9).
   Dex:       It affects your dexterity (-2).
   *Rage:     It berserks you when you make melee attacks (+20% chance).
   rCorr:     It protects you from acid and corrosion.
Armour
 a - a +0 robe (worn)
Jewellery
 f - a ring of magical power
Scrolls
 c - a scroll of amnesia
 g - a scroll of fear {unknown}
Potions
 b - a potion of berserk rage
 h - a potion of haste
 i - a potion of ambrosia {unknown}
 j - a potion of attraction {unknown}
 k - 2 potions of degeneration {unknown}


   Skills:
 - Level 1.8 Dodging
 - Level 1.8 Stealth
 * Level 4.3 Spellcasting
 + Level 4.7 Conjurations


You had 7 spell levels left.
You knew the following spells:

 Your Spells              Type           Power      Damage    Failure   Level
a - Magic Dart            Conj           100%       1d8       1%          1
b - Fulminant Prism       Conj/Hex       11%        3d9       19%         4

Your spell library contained the following spells:

 Spells                   Type           Power      Damage    Failure   Level
 Searing Ray              Conj           76%        2d7       1%          2
 Dazzling Flash           Conj/Hex       44%        N/A       6%          3
 Iskenderun's Mystic Bla  Conj/Tloc      22%        2d6       19%         4


Dungeon Overview and Level Annotations

Branches:
Dungeon (4/15)
 Temple: D:4-7

Annotations:
D:2 Terence
D:3 exclusion: statue
D:4 Pikel


Innate Abilities, Weirdness & Mutations

You have an increased reservoir of magic. (+10% MP)
You shall have no god before yourself.
Your divine heritage dramatically boosts your attributes as you level up.


Message History

The lemure is severely wounded.
The lemure hits you.
You hit the lemure.
The lemure is poisoned.
The lemure is almost dead.
The lemure hits you. The lemure completely misses you.
Things that are here:
a +0 flail; a gnoll corpse You see here a +0 whip.
You see here a +0 halberd.
Casting: Magic Dart (safe; 1% risk of failure)
Confirm with . or Enter, or press ? or * to list all spells.
Aiming: Magic Dart (safe; 1% risk of failure)
Press: ? - help, Shift-Dir - straight line, f - Pikel
Aim: Pikel, wielding a +2 whip of freezing and wearing a +2 robe (100% to hit)
The magic dart hits Pikel.
Pikel is lightly wounded.
You reach to attack!
You closely miss Pikel.
Pikel is lightly wounded.
You hit Pikel but do no damage.
Pikel is poisoned.
Pikel is lightly wounded.
Pikel hits you with a +2 whip of freezing!
* * * LOW HITPOINT WARNING * * *
Pikel freezes you.
* * * LOW HITPOINT WARNING * * *
Unknown command.
Pikel drinks a potion.
Pikel is healed!
Pikel looks more healthy.
An adder comes into view.
There is an escape hatch in the floor here.
The lemure shouts!
The adder hisses angrily.
The lemure hits you.
* * * LOW HITPOINT WARNING * * *
You hit the lemure.
The lemure is poisoned.
The lemure is lightly wounded.
The lemure hits you.
* * * LOW HITPOINT WARNING * * *
You see here a +0 ring mail.
The lemure closely misses you.
There is a stone staircase leading up here.
Pikel hits you with a +2 whip of freezing!
You die...

#.........# ##........#
#........# #........#
#........# #........#
#.... #........#
#..#.########........#
..
#..#.#@K5S...).......#
...
#....#.#5.>......###.#
....#....#.#.#######.#
###
....#....#รท........#.#
...........#.#####.#5#
...........#.# #.#
.<.........#.# #.#
##........#.# #.#
'..K.....#.# #.#


You could see Pikel, 2 lemures and an adder.

Vanquished Creatures
  2 lemures (D:4)
  A jelly (D:4)
  Natasha (thrice) (D:2)
  4 gnolls
  3 adders
  2 dart slugs
  5 ball pythons
  6 endoplasms
  4 giant cockroaches
  5 goblins
  4 hobgoblins
  5 quokkas
  8 bats
  7 frilled lizards
  3 kobolds
  5 rats
67 creatures vanquished.

Notes
Turn   | Place    | Note
-------+----------+-------------------------------------------
     0 | D:1      | Htamos the Demigod Conjurer began the quest for the Orb.
     0 | D:1      | Reached XP level 1. HP: 14/14 MP: 5/5
   290 | D:1      | Reached XP level 2. HP: 20/20 MP: 4/7
  1527 | D:2      | Reached XP level 3. HP: 26/26 MP: 5/9
  1627 | D:2      | Noticed Natasha
  1632 | D:2      | Killed Natasha
  1979 | D:2      | Reached XP level 4. HP: 33/33 MP: 9/11
  1984 | D:2      | Learned a level 4 spell: Fulminant Prism
  2142 | D:2      | Noticed Natasha
  2148 | D:2      | Killed Natasha
  2300 | D:2      | Noticed Natasha
  2305 | D:2      | Killed Natasha
  2353 | D:2      | Noticed Terence
  2682 | D:3      | Noticed a charred statue
  3114 | D:4      | Reached XP level 5. HP: 33/38 MP: 10/13
  3230 | D:4      | Identified the +7 spear of Fegiuply {venom, *Rage rCorr
                  | Int+9 Dex-2}
  3553 | D:4      | Noticed Pikel
  3605 | D:4      | Slain by Pikel

Illustrated notes

Levels and vault maps discovered:
D:1:      dpeg_arrival_arbitrary_c, layout_basic, minmay_misc_feat_more_columns
D:2:      minmay_chambers_of_twos, layout_basic, basic_altar, uniq_natasha,
          uniq_terence
D:3:      layout_basic, vehumet_statue, mainiacjoe_overflow_brackets
D:4:      layout_basic, general_overflow_altar, nemelex_diamond_rough_becter,
          mainiacjoe_overflow_catwalk_spiral, uniq_pikel, uniq_ijyb

Skill      XL: |  1  2  3  4  5 |
---------------+----------------+-----
Spellcasting   | 2 3 4 |  4.3
Conjurations   | 4 |  4.7
Dodging        | |  1.8
Stealth        | |  1.8

Action                   |  1- 3 |  4- 6 || total
-------------------------+-------+-------++-------
Melee: Spear             |       |    11 ||    11
 Cast: Magic Dart        |    86 |    71 ||   157
  Use: Scroll            |       |     4 ||     4
Armor: Robe              |     3 |     1 ||     4
Dodge: Dodged            |     9 |     7 ||    16

Table legend: (Time is in decaauts)
 A = Elapsed time spent in this place.
 B = Non-inter-level travel time spent in this place.
 C = Inter-level travel time spent in this place.
 D = Time resting spent in this place.
 E = Time spent auto-exploring this place.
 F = Levels seen in this place.
 G = Mean time per level.
                   A        B        C        D        E       F      G
               +--------+--------+--------+--------+--------+-----+--------+
         Total |   3604 |   3492 |    112 |    258 |   2873 |   4 |  901.0 |
       Dungeon |   3604 |   3492 |    112 |    258 |   2873 |   4 |  901.0 |
               +--------+--------+--------+--------+--------+-----+--------+

Top non-repeatable levels by time:
     D:2: 1465 daAuts
     D:1: 1142 daAuts
     D:4: 647 daAuts
     D:3: 349 daAuts
